 Dungeon Crawl Stone Soup version 0.31-a0-232-gb1c03b2570 (webtiles) character file.

Game seed: 6976608848214588829

833 qw the Skirmisher (level 7, 0/61 HPs)
             Began as a Minotaur Hexslinger on July 6, 2023.
             Killed from afar by an orc wizard (10 damage)
             ... with a puff of flame
             ... on level 5 of the Dungeon.
             The game lasted 00:01:19 (3676 turns).

qw the Skirmisher (Minotaur Hexslinger)             Turns: 3676, Time: 00:01:20

Health: 0/61       AC:  3    Str: 15    XL:     7   Next: 66%
Magic:  7/7        EV: 12    Int: 10    God:
Gold:   19         SH:  0    Dex: 15    Spells: 7/8 levels left

rFire   . . .        i - +1 shortbow (heavy)
rCold   . . .        (shield currently unavailable)
rNeg    . . .        f - +0 leather armour of Reickoe {Str+3}
rPois   .            (helmet restricted)
rElec   .            (no cloak)
rCorr   .            (no gloves)
SInv    .            (no boots)
Will    .....        (no amulet)
Stlth   +            (no ring)
HPRegen 0.30/turn    (no ring)
MPRegen 0.10/turn

%: no passive effects
@: no status effects
A: horns 2, retaliatory headbutt
a: no special abilities


You were on level 5 of the Dungeon.
You visited 1 branch of the dungeon, and saw 5 of its levels.

You collected 159 gold pieces.
You spent 140 gold pieces at shops.


Innate Abilities, Weirdness & Mutations

You have a pair of horns on your head.
You reflexively headbutt those who attack you in melee.


   Skills:
 - Level 5.0 Fighting
 - Level 8.3 Ranged Weapons
 - Level 1.0 Armour
 + Level 2.8 Dodging
 - Level 1.0 Spellcasting
 - Level 2.0 Hexes


You had 7 spell levels left.
You knew the following spells:

 Your Spells              Type           Power      Damage    Failure   Level
a - Slow                  Hex            16%        N/A       19%         1

Your spell library contained the following spells:

 Spells                   Type           Power      Damage    Failure   Level
 Inner Flame              Hex/Fire       2%         N/A       63%         3
 Portal Projectile        Hex/Tloc       4%         N/A       63%         3
 Cause Fear               Hex            2%         N/A       88%         4

Inventory:

Hand Weapons
 i - a +1 heavy shortbow (weapon)
Armour
 f - the +0 leather armour of Reickoe (worn) {Str+3}
   (You bought it in a shop on level 4 of the Dungeon)

   Str:       It affects your strength (+3).
Wands
 e - a wand of digging (3)
Scrolls
 b - a scroll of identify
 l - a scroll of amnesia {unknown}
 m - a scroll of immolation {unknown}
Potions
 a - 2 potions of mutation {unknown}
 c - a potion of lignification {unknown}
 d - a potion of attraction {unknown}
 g - a potion of cancellation {unknown}
 h - a potion of curing
 j - a potion of might {unknown}
 k - a potion of resistance {unknown}

Dungeon Overview and Level Annotations

Branches:
Dungeon (5/15)
 Temple: D:4-7

Altars:
Ashenzari
Uskayaw

Shops:
D:1 :   D:4 [


Message History

You kill the orc!
Something barely misses you.
You shoot an arrow. The arrow hits the orc priest.
The orc priest is lightly wounded.
The orc priest invokes the aid of Beogh against you.
Beogh smites you!
You hear some strange, mumbled words.
Something tries to affect you, but you resist.
You hear some strange, mumbled words.
You are confused.
3672 ||| DRINKING 2 potions of curing.
You feel better.
3672 ||| (to cure confusion)
The orc priest closely misses you. Something hits you but does no damage.
You shoot an arrow. The arrow barely misses the orc priest.
The orc priest hits you with a +0 whip.
You hear some strange, mumbled words.
A magic dart appears from out of thin air!
The magic dart hits you.
You shoot an arrow.
The arrow closely misses the orc priest.
The orc priest completely misses you.
You hear some strange, mumbled words.
A magic dart appears from out of thin air!
The magic dart hits you!
The orc priest mumbles some strange prayers to Beogh against you.
You struggle to resist.
You hear some strange, mumbled words.
A puff of flame appears from out of thin air!
The puff of flame hits you!
You shoot an arrow.
The arrow closely misses the orc priest.
The orc priest mumbles some strange prayers to Beogh against you.
Beogh smites you! Something hits you.
You shoot an arrow. The arrow hits the orc priest!
The orc priest is almost dead.
The orc priest barely misses you. Something hits you but does no damage.
You hear some strange, mumbled words.
A puff of flame appears from out of thin air!
The puff of flame hits you!
You die...

..#.....#...#.....# #.
....#.#.......#.#.##...~
.#.......#.#.........~~~~
...#...#.....#...#.#.PP~~
#....#....#....#......P~~
...#...#.....#...#...~~~~
.#.......#.#..........~P~
....#.#.......#.#......~~
..#.....#...#..{@......~~
#....#....#....#o......~~
..#.....#...#.........P~~
....#.#.......#.......~.~
.......................~.
#............)...........
#............)...........
.[..............
.o.............


You could see an orc priest.

Vanquished Creatures
  Grinder (D:3)
  Menkaure (D:4)
  Duvessa (D:4)
  A sky beast (D:4)
  Dowan (D:4)
  A hound (D:5)
  An iguana (D:4)
  Robin (D:4)
  8 adders
  4 worms
  A dart slug (D:4)
  13 orcs
  14 ball pythons
  5 bats
  7 endoplasms
  5 giant cockroaches
  16 goblins
  7 hobgoblins
  4 jackals (D:3)
  7 quokkas
  2 frilled lizards
  7 kobolds
  5 rats
113 creatures vanquished.

Notes
Turn   | Place    | Note
-------+----------+-------------------------------------------
     0 | D:1      | qw the Minotaur Hexslinger began the quest for the Orb.
     0 | D:1      | Reached XP level 1. HP: 16/16 MP: 1/1
     0 | D:1      | 0 ||| qw: Version: 0.3-a-46-gb1f654a
     0 | D:1      | 0 ||| qw: Game counter: 2091
     0 | D:1      | 0 ||| qw: Melee chars always use a shield: true
     0 | D:1      | 0 ||| qw: God list: Okawaru
     0 | D:1      | 0 ||| qw: Allow faded altars: false
     0 | D:1      | 0 ||| qw: Do Orc after clearing Dungeon:15 true
     0 | D:1      | 0 ||| qw: Do second Lair branch before Depths: true
     0 | D:1      | 0 ||| qw: Lair rune preference: random
     0 | D:1      | 0 ||| qw: Goals: Normal
     0 | D:1      | 0 ||| PLANNING D:1-11
    20 | D:1      | You fall into a shaft and drop 1 floor!
    62 | D:2      | Reached skill level 3 in Ranged Weapons
    62 | D:2      | Reached XP level 2. HP: 17/23 MP: 2/2
   139 | D:2      | 139 ||| READING scroll labelled YNANOA RYSH.
   140 | D:2      | 140 ||| READING scroll labelled CARCHU KOOROSO.
   141 | D:2      | 141 ||| DRINKING 2 grey potions.
   142 | D:2      | 142 ||| DROPPING scroll of poison.
   204 | D:1      | Reached XP level 3. HP: 29/29 MP: 3/3
   446 | D:1      | Found Toymofeu's Book Shop.
   507 | D:1      | 507 ||| Stepping ~*~*~tactically~*~*~ (water).
   512 | D:1      | Reached skill level 4 in Ranged Weapons
   796 | D:1      | 796 ||| READING scroll labelled CEX SYS ZIYSYNEU.
   797 | D:1      | 797 ||| READING scroll labelled XEOMUU RUIPT.
   800 | D:1      | 800 ||| READING scroll labelled PAYXZUC SIOS.
  1021 | D:2      | 1021 ||| SWAPPING to +1 heavy shortbow.
  1022 | D:2      | 1022 ||| DROPPING +1 sling.
  1302 | D:2      | 1302 ||| READING scroll labelled IXKIUKKUGOSI.
  1303 | D:2      | 1303 ||| READING scroll labelled GOS TIATRE.
  1304 | D:2      | 1304 ||| DRINKING 2 green potions.
  1332 | D:3      | 1332 ||| PLANNING SEWER
  1334 | D:3      | Reached XP level 4. HP: 36/36 MP: 4/4
  1346 | D:3      | Noticed Grinder
  1346 | D:3      | Paralysed by Grinder for 4 turns
  1353 | D:3      | Paralysed by Grinder for 2 turns
  1358 | D:3      | Killed Grinder
  1359 | D:3      | Reached skill level 6 in Ranged Weapons
  1359 | D:3      | Reached XP level 5. HP: 20/41 MP: 5/5
  1359 | D:3      | Reached XP level 6. HP: 23/48 MP: 6/6
  1481 | D:3      | Found a hide-covered altar of Uskayaw.
  1481 | D:3      | Noticed a +0 dagger
  1481 | D:3      | Noticed a +0 dagger
  1988 | D:3      | 1988 ||| RIP SEWER
  2021 | D:3      | 2021 ||| PLANNING D:1-11
  2037 | D:3      | 2037 ||| Stepping ~*~*~tactically~*~*~ (water).
  2039 | D:3      | 2039 ||| Stepping ~*~*~tactically~*~*~ (water).
  2041 | D:3      | Reached skill level 3 in Fighting
  2080 | D:3      | 2080 ||| UPGRADING to +0 ring mail.
  2090 | D:3      | 2090 ||| DROPPING +0 robe.
  2091 | D:3      | 2091 ||| READING scroll labelled HUHI ANOCVAMPI.
  2092 | D:3      | 2092 ||| READING 2 scrolls of identify.
  2092 | D:3      | 2092 ||| IDENTIFYING inky potion
  2093 | D:3      | 2093 ||| DROPPING potion of berserk rage.
  2138 | D:4      | Noticed Robin
  2139 | D:4      | 2139 ||| Stepping ~*~*~tactically~*~*~ (outnumbered).
  2148 | D:4      | HP: 10/51 [Robin/+0 trident (4)]
  2149 | D:4      | 2149 ||| READING scroll of teleportation.
  2149 | D:4      | HP: 3/51 [goblin/+0 club[Robin] (6)]
  2149 | D:4      | HP: 1/51 [goblin/+0 club[Robin] (2)]
  2150 | D:4      | 2150 ||| DRINKING 3 potions of heal wounds.
  2151 | D:4      | 2151 ||| DRINKING 2 potions of heal wounds.
  2153 | D:4      | 2153 ||| DRINKING potion of heal wounds.
  2154 | D:4      | 2154 ||| FLEEEEING.
  2155 | D:4      | 2155 ||| FLEEEEING.
  2164 | D:4      | Reached skill level 1 in Armour
  2167 | D:4      | 2167 ||| FLEEEEING.
  2168 | D:4      | 2168 ||| FLEEEEING.
  2169 | D:4      | 2169 ||| FLEEEEING.
  2173 | D:4      | 2173 ||| STAIRDANCE
  2318 | D:4      | 2318 ||| FLEEEEING.
  2321 | D:4      | 2321 ||| STAIRDANCE
  2404 | D:4      | HP: 10/51 [Robin/+0 trident (7)]
  2407 | D:4      | HP: 2/51 [Robin/+0 trident (4)]
  2408 | D:4      | Killed Robin
  2665 | D:4      | Noticed Dowan
  2666 | D:4      | Noticed Duvessa
  2674 | D:4      | Killed Duvessa
  2676 | D:4      | Killed Dowan
  2677 | D:4      | Reached skill level 7 in Ranged Weapons
  2677 | D:4      | Reached XP level 7. HP: 18/61 MP: 7/7
  2821 | D:4      | Found a broken altar of Ashenzari.
  2986 | D:4      | Found Waoddoira's Antique Armour Shoppe.
  3339 | D:4      | Noticed Menkaure
  3340 | D:4      | Killed Menkaure
  3341 | D:4      | Reached skill level 8 in Ranged Weapons
  3407 | D:4      | 3407 ||| BUYING jewelled leather armour (140 gold).
  3407 | D:4      | Bought a jewelled leather armour for 140 gold pieces
  3407 | D:4      | Identified the +0 leather armour of Reickoe {Str+3} (You
                  | bought it in a shop on level 4 of the Dungeon)
  3407 | D:4      | 3407 ||| SHOPLISTING twisted leather armour (140 gold, have
                  | 3).
  3407 | D:4      | 3407 ||| UPGRADING to +0 leather armour of Reickoe {Str+3}.
  3417 | D:4      | 3417 ||| DROPPING +0 ring mail.
  3469 | D:5      | Entered Level 5 of the Dungeon
  3662 | D:5      | 3662 ||| FLEEEEING.
  3672 | D:5      | 3672 ||| DRINKING 2 potions of curing.
  3672 | D:5      | 3672 ||| (to cure confusion)
  3675 | D:5      | HP: 11/61 [orc priest/divine providence (11)]
  3676 | D:5      | Killed from afar by an orc wizard

Levels and vault maps discovered:
D:1:      lightli_arrival_isolated_outpost, layout_basic, serial_shops, shop
D:2:      layout_basic
D:3:      layout_loops_ring, dancing_weapons_uskayaw, gup_sewer_entry_pipe,
          uniq_grinder
D:4:      layout_basic, nicolae_ashenzari_panopticon, st_stairs_11,
          kennysheep_small_spiral, grunt_decor_cap, nicolae_inconvenience_store,
          uniq_duvessa, uniq_robin, uniq_menkaure
D:5:      layout_basic, amethyst_overflow_temple_binary,
          nicolae_shop_i_like_small_books_too, chequers_big_river,
          nicolae_kite_square_tiling_tiny

Skill      XL: |  1  2  3  4  5  6  7 |
---------------+----------------------+-----
Ranged Weapons | 3 4 6 7 8 |  8.3
Fighting       | 2 5 |  5.0
Armour         | 1 |  1.0
Dodging        | |  2.8
Spellcasting   | |  1.0
Hexes          | |  2.0

Action                     |  1- 3 |  4- 6 |  7- 9 || total
---------------------------+-------+-------+-------++-------
   Fire: Sling             |    84 |       |       ||    84
         Shortbow          |     5 |   134 |    50 ||   189
    Use: Scroll            |     7 |     3 |       ||    10
         Potion            |     2 |     3 |     1 ||     6
 Armour: Robe              |     3 |     7 |       ||    10
         Ring mail         |       |    28 |     4 ||    32
         Leather armour    |       |       |     5 ||     5
  Dodge: Dodged            |     8 |    94 |    19 ||   121

Table legend:
 A = Non-vault XP
 B = Vault XP
 C = Vault XP percentage of total XP
 D = Non-vault monster count
 E = Vault monster count
 F = Vault count percentage of total count
                 A         B        C        D         E       F
            +---------+---------+-------+---------+---------+-------
      Total |     441 |     750 |  63.0 |      85 |      28 |  24.8
            +---------+---------+-------+---------+---------+-------
        D:1 |      42 |       0 |   0.0 |      25 |       0 |   0.0
        D:2 |      52 |       0 |   0.0 |      11 |       0 |   0.0
        D:3 |      75 |     302 |  80.1 |      22 |       9 |  29.0
        D:4 |     205 |     448 |  68.6 |      18 |      19 |  51.4
        D:5 |      67 |       0 |   0.0 |       9 |       0 |   0.0
            +---------+---------+-------+---------+---------+-------
